 Dungeon Crawl Stone Soup version 0.31-a0-75-g6fe912e8c5 (webtiles) character file.

Game seed: 3505870135574438512

144 CowFu the Slasher (level 5, 0/45 HPs)
             Began as a Minotaur Fighter on May 24, 2023.
             Slain by a gnoll
             ... wielding a +0 spear
             ... led by a gnoll bouda
              (5 damage)
             ... on level 3 of the Dungeon.
             The game lasted 00:02:00 (1580 turns).

CowFu the Slasher (Minotaur Fighter)                Turns: 1580, Time: 00:02:01

Health: 0/45       AC: 16    Str: 23    XL:     5   Next: 5%
Magic:  4/4        EV:  3    Int:  5    God:
Gold:   97         SH:  4    Dex:  9    Spells: 4/4 levels left

rFire   . . .        a - +0 long sword
rCold   . . .        c - +0 buckler
rNeg    . . .        q - +0 crystal plate armour
rPois   .            (helmet restricted)
rElec   .            (no cloak)
rCorr   .            (no gloves)
SInv    .            (no boots)
Will    .....        (no amulet) Stlth
                     (no ring)
HPRegen 0.27/turn    (no ring)
MPRegen 0.09/turn

%: no passive effects
@: mighty
A: horns 2, retaliatory headbutt
a: no special abilities


You were on level 3 of the Dungeon.
You visited 1 branch of the dungeon, and saw 3 of its levels.

You collected 97 gold pieces.

Inventory:

Hand Weapons
 a - a +0 long sword (weapon)
Armour
 c - a +0 buckler (worn)
 q - a +0 crystal plate armour (worn)
Jewellery
 n - a ring of ice
Scrolls
 g - a scroll of silence {unknown}
 h - a scroll of amnesia {unknown}
 i - a scroll of magic mapping {unknown}
 j - 2 scrolls of identify {unknown}
 m - a scroll of noise {unknown}
Potions
 e - 2 potions of curing {unknown}
 f - a potion of haste {unknown}
 k - a potion of cancellation {unknown}
 l - a potion of enlightenment {unknown}
 o - a potion of mutation {unknown}
 p - a potion of attraction {unknown}


   Skills:
 - Level 3.6 Fighting
 + Level 6.4 Long Blades
 - Level 3.6 Armour
 - Level 3.6 Shields


You had 4 spell levels left.
You didn't know any spells.
Your spell library contained the following spells:

 Spells                   Type           Power      Damage    Failure   Level
 Magic Dart               Conj           0%         1d3       100%        1
 Call Imp                 Summ           0%         N/A       100%        2
 Mephitic Cloud           Conj/Pois/Air  0%         N/A       100%        3


Dungeon Overview and Level Annotations

Branches:
Dungeon (3/15)

Altars:


Innate Abilities, Weirdness & Mutations

You have a pair of horns on your head.
You reflexively headbutt those who attack you in melee.


Message History

The gnoll attacks as you move away! The gnoll barely misses you.
The bat attacks as you move away! The bat hits you but does no damage. x2
The gnoll completely misses you.
The gnoll bouda hits you but does no damage.
The gnoll bouda attacks as you move away!
The gnoll bouda hits you with a +0 whip!
* * * LOW HITPOINT WARNING * * *
The bat hits you but does no damage. The bat hits you but does no damage.
The gnoll hits you but does no damage. The bat hits you but does no damage.
The gnoll bouda attacks as you move away!
The gnoll bouda barely misses you.
The gnoll is no longer moving quickly.
The bat hits you but does no damage.
The gnoll bouda gazes fiercely through you!
You feel your attacks grow feeble.
You feel very mighty all of a sudden.
The gnoll is no longer moving quickly.
The gnoll bouda hits you but does no damage.
You slash the gnoll bouda! You headbutt the gnoll bouda!
You kill the gnoll bouda!
The bat hits you but does no damage. x2
You have reached level 5!
You barely miss the bat.
The gnoll is no longer moving quickly.
The bat hits you.
* * * LOW HITPOINT WARNING * * *
The bat hits you but does no damage. The gnoll hits you but does no damage.
You slash the bat!
You kill the bat!
Your attacks no longer feel as feeble.
The gnoll hits you but does no damage. The gnoll hits you but does no damage.
The gnoll barely misses you.
Items here: ) ? [ ††.
You slash the gnoll!
The gnoll is heavily wounded.
The gnoll hits you but does no damage. The gnoll hits you with a +0 halberd!
* * * LOW HITPOINT WARNING * * *
You hit the gnoll.
You kill the gnoll!
The gnoll hits you from afar with a +0 spear.
You die...

#..........# .......
#..........# .....?.
#..........# .......
#..[.......# .......
#..........# .......
#..........# .......
#..........#
#.....###########..........#
#...†.rg)@...............<
####†).g#########.....####
####..# ####### ##.# .# ..
##. #. ##


You could see 2 gnolls and a rat.

Vanquished Creatures
  A gnoll bouda (D:3)
  2 gnolls (D:3)
  2 adders (D:2)
  2 worms (D:2)
  3 dart slugs
  3 orcs (D:3)
  6 ball pythons
  5 endoplasms (D:1)
  A giant cockroach (D:1)
  5 goblins
  4 hobgoblins
  2 jackals (D:3)
  6 quokkas
  9 bats
  5 frilled lizards
  6 kobolds
  11 rats
73 creatures vanquished.

Notes
Turn   | Place    | Note
-------+----------+-------------------------------------------
     0 | D:1      | CowFu the Minotaur Fighter began the quest for the Orb.
     0 | D:1      | Reached XP level 1. HP: 19/19 MP: 0/0
    33 | D:1      | Reached skill level 3 in Long Blades
    82 | D:1      | Reached XP level 2. HP: 24/26 MP: 1/1
   323 | D:1      | Reached skill level 4 in Long Blades
   522 | D:1      | Reached XP level 3. HP: 31/31 MP: 2/2
   889 | D:2      | Reached skill level 5 in Long Blades
   950 | D:2      | Reached XP level 4. HP: 35/39 MP: 3/3
  1564 | D:3      | Reached skill level 6 in Long Blades
  1576 | D:3      | Reached XP level 5. HP: 12/45 MP: 4/4
  1580 | D:3      | Slain by a gnoll

Illustrated notes

Levels and vault maps discovered:
D:1:      sevenhm_arrival_forest_fort_small_3, layout_basic,
          minmay_misc_feat_roman, skrybe_limestone_x
D:2:      layout_basic
D:3:      layout_basic, minmay_misc_feat_tiny, uniq_terence

Skill      XL: |  1  2  3  4 |
---------------+-------------+-----
Long Blades    | 3 4 5 6 |  6.4
Fighting       | |  3.6
Armour         | |  3.6
Shields        | |  3.6

Action                     |  1- 3 |  4- 6 || total
---------------------------+-------+-------++-------
  Melee: Long sword        |   116 |    58 ||   174
         Headbutt          |    10 |    13 ||    23
    Use: Potion            |       |     1 ||     1
 Armour: Scale mail        |    69 |    14 ||    83
         Crystal plate arm |       |    32 ||    32
  Dodge: Dodged            |    61 |    23 ||    84
  Block: Buckler           |    26 |    12 ||    38

Table legend: (Time is in decaauts)
 A = Elapsed time spent in this place.
 B = Non-inter-level travel time spent in this place.
 C = Inter-level travel time spent in this place.
 D = Time resting spent in this place.
 E = Time spent auto-exploring this place.
 F = Levels seen in this place.
 G = Mean time per level.
                   A        B        C        D        E       F      G
               +--------+--------+--------+--------+--------+-----+--------+
         Total |   1614 |   1549 |     65 |      0 |   1121 |   3 |  538.0 |
       Dungeon |   1614 |   1549 |     65 |      0 |   1121 |   3 |  538.0 |
               +--------+--------+--------+--------+--------+-----+--------+

Top non-repeatable levels by time:
     D:1: 747 daAuts
     D:2: 690 daAuts
     D:3: 176 daAuts
